 Dungeon Crawl Stone Soup version 0.17-a0-1570-g74b7129 (webtiles) character file.

753 carl the Geomancer (level 7, -6/36 HPs)
             Began as a Gargoyle Earth Elementalist on July 23, 2015.
             Mangled by a troll (13 damage)
             ... on level 5 of the Dungeon.
             The game lasted 00:14:12 (4941 turns).

carl the Geomancer (Gargoyle Earth Elementalist)    Turns: 4941, Time: 00:14:12

Health: -6/36      AC:  8    Str: 12    XL:     7   Next: 78%
Magic:  8/15       EV: 13    Int: 17    God:
Gold:   239        SH:  0    Dex: 10    Spells: 4 memorised, 8 levels left

rFire  + . .     SeeInvis .     b - 165 stones
rCold  . . .     Clarity  .     l - +0 robe
rNeg   + . .     SustAt   .     (no shield)
rPois  ∞         Gourm    .     (no helmet)
rElec  +         Spirit   .     f - +0 cloak
rCorr  .         Warding  .     s - +0 pair of gloves
rMut   .         Stasis   .     (no boots)
MR     .....                    (no amulet)
Stlth  ++........               m - ring of protection from fire
                                g - +1 ring of evasion

@: not resistant to hostile enchantments, unstealthy
A: negative energy resistance 1, electricity resistance, unbreathing,
petrification resistance, rot immunity, AC +4
a: no special abilities


You were on level 5 of the Dungeon.
You were not hungry.

You visited 1 branch of the dungeon, and saw 5 of its levels.

You collected 239 gold pieces.

Inventory:

Hand weapons
 a - a +1 morningstar of protection
Missiles
 b - 165 stones (in hand)
Armour
 e - a +1 ring mail of cold resistance
 f - a +0 cloak (worn)
 l - a +0 robe (worn)
 s - a +0 pair of gloves (worn)
Jewellery
 g - a +1 ring of evasion (left hand)
 k - an uncursed ring of see invisible
 m - a ring of protection from fire (right hand)
 x - an uncursed amulet of warding {unknown}
Magical devices
 j - a wand of digging (0)
Scrolls
 h - a scroll of immolation {unknown}
 i - 2 scrolls of noise {unknown}
 n - 10 scrolls of identify {unknown}
 r - a scroll of fear
 t - a scroll of remove curse
 u - a scroll of magic mapping {unknown}
 w - 2 scrolls of teleportation {unknown}
Potions
 d - 2 potions of resistance {unknown}
 v - 5 potions of curing {unknown}
 z - 2 potions of brilliance {unknown}
 A - a potion of heal wounds {unknown}
 B - a potion of might {unknown}
Books
 c - a book of Geomancy

   Spells                             Type                      Level
   a - Sandblast                      Earth                        1
   b - Stoneskin                      Transmutation/Earth          2
   c - Passwall                       Transmutation/Earth          3
   d - Stone Arrow                    Conjuration/Earth            3
   e - Petrify                        Transmutation/Earth          4
   f - Lee's Rapid Deconstruction     Earth                        5
Comestibles
 o - 2 bread rations
 p - 4 fruits
 q - a beef jerky


   Skills:
 - Level 1.5 Dodging
 - Level 2.1 Stealth
 + Level 5.7 Spellcasting
 - Level 0.7 Transmutations
 - Level 8.0 Earth Magic


You had 8 spell levels left.
You knew the following spells:

 Your Spells              Type           Power        Failure   Level  Hunger
a - Sandblast             Erth           ####..       1%          1    None
b - Stone Arrow           Conj/Erth      ###...       10%         3    ##.....
c - Stoneskin             Trmt/Erth      ###.....     3%          2    #......
d - Passwall              Trmt/Erth      ###.......   10%         3    ##.....


Dungeon Overview and Level Annotations

Branches:
Dungeon (5/15)
 Temple: D:4-7

Altars:
Dithmenos
Elyvilon
Sif Muna
Trog


Innate Abilities, Weirdness & Mutations

You are resistant to torment.
Your stone body is resilient (AC +4).
You are immune to poison.
You resist negative energy.
You are resistant to electric shocks.
You can survive without breathing.
You are immune to petrification.
You are immune to rotting.


Message History

The troll bites you.
* * * LOW HITPOINT WARNING * * *
The troll barely misses you. x2
Casting: Sandblast
Confirm with . or Enter, or press ? or * to list all spells.
Aiming: Sandblast
Press: ? - help, Shift-Dir - straight line, f/p - giant gecko
Aim: a giant gecko (severely wounded)
The rocky blast misses the troll.
The rocky blast hits the kobold.
You kill the kobold!
The troll barely misses you. The troll closely misses you.
The troll closely misses you.
Casting: Sandblast
Confirm with . or Enter, or press ? or * to list all spells.
Aiming: Sandblast
Press: ? - help, Shift-Dir - straight line, f/p - giant gecko
Aim: a giant gecko (severely wounded, clinging)
The rocky blast misses the troll.
The rocky blast misses the giant gecko.
The troll bites you!
You die...

).# ##.# ### #...
.... ..# # ... ..#
#<# .... .?#####.###
#.K.###.........#
#.#...........#.#
#.##r..###.####..#.##
#..........lT@......#
........##.####..#..#
........##.# #..#..#
...#...###.# #...>.#
..s.... ..# #.....#
..l.... ..# #.##..#
.##.#.# #... .......#
l... ..#####.##.##
#...# #.#


You could see a troll and a giant gecko.

Vanquished Creatures
  A water moccasin (D:3)
  A phantom (D:4)
  An ice beast (D:5)
  A big kobold (D:3)
  A scorpion (D:5)
  A crimson imp (D:5)
  An orc priest (D:5)
  Crazy Yiuf (D:3)
  2 worker ants
  Terence (D:2)
  8 adders
  A shadow imp (D:5)
  2 oozes
  A worm (D:2)
  4 giant geckos
  8 orcs
  A bat skeleton (D:4)
  14 goblins
  7 hobgoblins
  3 jackals (D:2)
  10 kobolds
  2 quokkas
  2 ball pythons
  8 bats
  5 giant cockroaches
  A giant gecko zombie (D:3)
  5 giant newts
  7 rats
100 creatures vanquished.

Notes
Turn   | Place    | Note
--------------------------------------------------------------
     0 | D:1      | carl the Gargoyle Earth Elementalist began the quest for the Orb.
     0 | D:1      | Reached XP level 1. HP: 10/10 MP: 3/3
    74 | D:1      | Reached skill level 4 in Earth Magic
   171 | D:1      | Reached XP level 2. HP: 15/15 MP: 0/5
   462 | D:1      | Reached XP level 3. HP: 8/19 MP: 0/6
   676 | D:1      | Reached skill level 5 in Earth Magic
  1386 | D:2      | Learned a level 3 spell: Stone Arrow
  1440 | D:2      | Reached XP level 4. HP: 17/24 MP: 0/7
  1553 | D:2      | Reached skill level 6 in Earth Magic
  1587 | D:2      | Noticed Terence
  1980 | D:2      | Killed Terence
  2108 | D:2      | Reached XP level 5. HP: 28/28 MP: 2/8
  2161 | D:2      | Learned a level 2 spell: Stoneskin
  2620 | D:3      | Noticed a water moccasin
  2702 | D:3      | Killed a water moccasin
  2702 | D:3      | Reached skill level 8 in Earth Magic
  2702 | D:3      | Reached XP level 6. HP: 16/32 MP: 3/9
  3133 | D:3      | Found a shadowy altar of Dithmenos.
  3182 | D:3      | Learned a level 3 spell: Passwall
  3578 | D:3      | Noticed Crazy Yiuf
  3586 | D:3      | Killed Crazy Yiuf
  4146 | D:4      | Reached XP level 7. HP: 36/36 MP: 6/13
  4581 | D:5      | Entered Level 5 of the Dungeon
  4628 | D:5      | Found a deep blue altar of Sif Muna.
  4696 | D:5      | Reached skill level 5 in Spellcasting
  4733 | D:5      | Found a bloodstained altar of Trog.
  4764 | D:5      | Found a white marble altar of Elyvilon.
  4927 | D:5      | Noticed a troll
  4941 | D:5      | Mangled by a troll

Vault maps used:
D:1:      dpeg_arrival_ternary, corexii_hall_statues_s
D:2:      dk_noncrumbling_2, due_unseen_surprise, uniq_terence
D:3:      lemuel_doored_altar, serial_glass, glass_columns_b, glass_columns_a,
          minivault_5, uniq_crazy_yiuf_cottage
D:4:      kennysheep_generic_room_9
D:5:      nicolae_overflow_crystal_walls, led_sif_pool, first_bread, basic_altar

Action                   |  1- 3 |  4- 6 |  7- 9 || total
-------------------------+-------+-------+-------++-------
Melee: Club              |    44 |       |       ||    44
       Short sword       |     2 |    14 |       ||    16
       Morningstar       |       |     9 |     3 ||    12
 Cast: Sandblast         |    66 |   121 |    40 ||   227
       Stone Arrow       |     1 |     2 |     2 ||     5
       Passwall          |       |     2 |       ||     2
  Use: Potion            |       |     3 |       ||     3
       Scroll            |       |     2 |       ||     2
 Stab: Sleeping          |     1 |     1 |       ||     2
  Eat: Chunk             |     3 |     5 |       ||     8
       Bread ration      |       |     1 |       ||     1
       Meat ration       |       |       |     1 ||     1
